 Dungeon Crawl Stone Soup version 0.19.1 (webtiles) character file.

5472 danny2772 the Fighter (level 10, -3/110 HPs)
             Began as an Ogre Berserker on Dec 1, 2016.
             Was a High Priest of Trog.
             Slain by a swamp worm (11 damage)
             ... on level 1 of the Swamp.
             The game lasted 00:55:47 (11184 turns).

danny2772 the Fighter (Ogre Berserker)             Turns: 11184, Time: 00:55:47

Health: -3/110     AC:  8    Str: 30    XL:     10   Next: 69%
Magic:  10/10      EV: 13    Int:  4    God:    Trog [*****.]
Gold:   408        SH:  0    Dex:  9    Spells: 0 memorised, 9 levels left

rFire  + . .     SeeInvis .     w - +3 dagger (drain)
rCold  x . .     Gourm    .     V - +2 robe "Gechiv" {rPois Regen+ Str+3 Int-2}
rNeg   . . .     Faith    +     (no shield)
rPois  +         Spirit   .     (helmet restricted)
rElec  .         Reflect  .     g - +2 cloak {rPois}
rCorr  .         Harm     .     (gloves unavailable)
MR     ++...                    (boots unavailable)
Stlth  ++........               u - amulet of faith
                                T - ring of protection from magic
                                K - ring of fire

@: exhausted, slowed, very slow
A: unfitting armour, beak, hooves 1, screaming 1, tough skin 1
a: Berserk, Trog's Hand, Brothers in Arms, Burn Spellbooks, Renounce Religion


You were on level 1 of the Swamp.
You worshipped Trog.
Trog was extremely pleased with you.
You were not hungry.

You visited 4 branches of the dungeon, and saw 12 of its levels.
You also visited: Sewer.

You collected 651 gold pieces.
You spent 243 gold pieces at shops.

Inventory:

Hand Weapons
 c - a +3 quarterstaff of chaos
 s - a +2 mace of crushing
 w - a +3 dagger of draining (weapon)
 z - a +0 long sword
 G - a +0 shortbow
 Z - a +0 shortbow
Missiles
 d - 73 bolts
 f - a throwing net
 i - 4 large rocks
 o - 57 sling bullets
 r - 267 stones (quivered)
 t - 20 poisoned needles
 C - 88 arrows
 D - 4 tomahawks
 W - 8 javelins
Armour
 b - a +0 animal skin
 g - a +2 cloak of poison resistance (worn)
 B - a +1 cloak
 J - a +0 pair of boots
 V - the +2 robe "Gechiv" (worn) {rPois Regen+ Str+3 Int-2}
   (You found it on level 4 of the Dungeon)

   It affects your strength (+3).
   It affects your intelligence (-2).
   It protects you from poison.
   It increases your rate of regeneration.
Jewellery
 e - an uncursed ring of see invisible
 h - a +4 ring of intelligence
 p - a cursed ring of teleportation
 u - an amulet of faith (around neck)
 v - an uncursed ring of flight
 H - a cursed ring of magical power
 K - a ring of fire (left hand)
 Q - a +5 amulet of reflection {unknown}
 T - a ring of protection from magic (right hand)
 X - an uncursed ring of magical power
Wands
 a - a wand of flame (23/48)
 x - a wand of paralysis (12/24)
 y - a wand of paralysis (17/24)
 L - a wand of disintegration (5/24)
Scrolls
 j - 2 scrolls of remove curse
 m - 5 scrolls of teleportation
 n - a scroll of recharging
 A - a scroll of magic mapping
 E - 2 scrolls of random uselessness
 I - a scroll of blinking
 N - 3 scrolls of fog
 P - 2 scrolls of identify
 U - a scroll of enchant weapon
 Y - a scroll of noise
Potions
 k - 4 potions of curing
 l - 2 potions of agility
 q - a potion of mutation
 M - a potion of heal wounds
 O - a potion of beneficial mutation {unknown}
Books
 F - a book of Maledictions

   Spells                             Type                      Level
   a - Corona                         Hexes                        1
   b - Ensorcelled Hibernation        Hexes/Ice                    2
   c - Confuse                        Hexes                        3
   d - Tukima's Dance                 Hexes                        3
   e - Dazzling Spray                 Conjuration/Hexes            3
   Trog disapproves of the use of such an item.
 R - a book of Cantrips

   Spells                             Type                      Level
   a - Confusing Touch                Hexes                        1
   b - Animate Skeleton               Necromancy                   1
   c - Summon Small Mammal            Summoning                    1
   d - Apportation                    Translocation                1
   Trog disapproves of the use of such an item.


   Skills:
 + Level 9.9 Fighting
 + Level 6.1 Short Blades
 + Level 6.7 Maces & Flails
 + Level 8.8 Dodging
 + Level 3.1 Stealth


You had 9 spell levels left.
You didn't know any spells.

Dungeon Overview and Level Annotations

Branches:
Dungeon (8/15)             Temple (1/1) D:7            Lair (2/6) D:8
  Swamp (1/4) Lair:2
  Snake: Lair:2-4    Spider: Lair:2-4

Altars:
Ashenzari
Cheibriados
Dithmenos
Elyvilon
Fedhas
Gozag
Hepliaklqana
Kikubaaqudgha
Makhleb
Nemelex Xobeh
Okawaru
Qazlal
Ru
Sif Muna
Trog
Uskayaw
Xom
Yredelemnul
Zin
The Shining One

Shops:
D:7 }(


Innate Abilities, Weirdness & Mutations

You are too large for most types of armour.
You have tough skin. (AC +1)
You have a beak for a mouth.
You have large cloven feet.
You occasionally shout uncontrollably at your foes.


Message History

You closely miss the tyrant leech. You kick the tyrant leech.
Your peck misses the tyrant leech.
The tyrant leech is severely wounded.
You puncture the tyrant leech! You drain the tyrant leech!
You kill the tyrant leech!
Trog accepts your kill.
You enter the shallow water.
Moving in this stuff is going to be slow.
You see here a tyrant leech corpse.
You feel a strong urge to attack something.
You feel your anger subside.
You are no longer berserk.
You are exhausted.
You feel yourself slow down.
A swamp worm bursts forth from the water.
The swamp worm bites you!!
* * * LOW HITPOINT WARNING * * *
You enter the shallow water.
Moving in this stuff is going to be slow.
The swamp worm bites you!
You die...

♣.≈≈..♣♣♣.........#
♣...≈♣♣ ♣♣.......##
♣...♣ ♣♣≈§≈.≈≈..#
♣...♣ ♣≈..♣..≈..#
♣♣≈.♣♣♣♣...≈♣.≈..#
♣♣.≈♣♣≈≈≈.♣♣♣...#
♣.....†≈≈≈..≈♣♣..#
♣≈.....≈≈≈.≈≈.≈.."
♣@...♣≈....≈≈≈..≈.
♣.w≈≈♣♣♣...≈≈.≈. ≈
♣!≈≈≈♣ ♣♣.....≈≈
♣≈.≈≈.♣ ♣.....≈
♣≈....♣♣ ♣≈..
♣....≈♣ ≈(≈ §..≈.♣♣
≈♣ ♣♣≈♣♣♣♣


You could see a swamp worm.

Vanquished Creatures
  A black mamba (Lair:1)
  An elephant (D:8)
  2 spiny frogs
  A tyrant leech (Swamp:1)
  A hippogriff (Lair:1)
  5 yaks (Lair:1)
  A water moccasin (Lair:1)
  3 sky beasts
  2 phantoms
  A centaur (D:8)
  3 big kobolds (D:6)
  A crocodile (D:8)
  3 bullfrogs
  3 killer bees (D:7)
  A howler monkey (D:5)
  An electric eel (D:6)
  2 crimson imps (D:5)
  3 bullfrog zombies
  2 hounds (D:5)
  3 orc priests
  3 orc wizards
  Crazy Yiuf (D:7)
  2 bullfrog skeletons
  A jelly (D:6)
  3 iguanas
  4 worker ants
  2 howler monkey zombies
  A worker ant zombie (D:7)
  9 gnolls
  9 adders
  3 river rats (Sewer)
  A shadow imp (D:7)
  An ooze (D:2)
  2 adder skeletons
  3 worms
  A dart slug (D:2)
  7 leopard geckos
  23 orcs
  12 ball pythons
  6 bats
  5 giant cockroaches
  19 hobgoblins
  11 jackals
  5 quokkas
  9 frilled lizards
  A giant cockroach zombie (D:5)
  36 goblins
  9 kobolds
  11 rats
  4 fungi (D:7)
244 creatures vanquished.

Vanquished Creatures (collateral kills)
  A hydra (Lair:1)
  Menkaure (D:7)
  2 orc warriors
  A porcupine (Lair:1)
  3 ogres
  An orc priest (D:8)
  An orc wizard (D:8)
  An iguana (D:5)
  2 orcs
  A hobgoblin (D:6)
  A goblin (D:6)
15 creatures vanquished.

Vanquished Creatures (others)
  A leopard gecko (D:6)
  2 orcs (D:6)
3 creatures vanquished.

Grand Total: 262 creatures vanquished

Notes
Turn   | Place    | Note
-------+----------+-------------------------------------------
     0 | D:1      | danny2772 the Ogre Berserker began the quest for the Orb.
     0 | D:1      | Reached XP level 1. HP: 24/24 MP: 1/1
   122 | D:1      | Reached XP level 2. HP: 13/32 MP: 2/2
   705 | D:1      | Reached XP level 3. HP: 31/40 MP: 3/3
  1957 | D:2      | Reached ** piety under Trog
  1990 | D:2      | Reached skill level 5 in Maces & Flails
  1990 | D:2      | Reached XP level 4. HP: 43/49 MP: 4/4
  2674 | D:3      | Found a stormy altar of Qazlal.
  3102 | D:3      | Found a glowing drain.
  3124 | D:3      | Reached skill level 5 in Fighting
  3131 | D:3      | Reached XP level 5. HP: 48/57 MP: 5/5
  3135 | Sewer    | Entered a sewer
  3261 | Sewer    | Reached *** piety under Trog
  3874 | D:3      | Reached skill level 1 in Stealth
  4316 | D:4      | Reached XP level 6. HP: 64/66 MP: 6/6
  4625 | D:4      | Got an ancient robe
  4638 | D:4      | Identified the +2 robe "Gechiv" {rPois Regen+ Str+3 Int-2} (You found it on level 4 of the Dungeon)
  5687 | D:5      | Entered Level 5 of the Dungeon
  5891 | D:5      | Reached XP level 7. HP: 66/74 MP: 7/7
  5894 | D:5      | Reached skill level 1 in Short Blades
  5958 | D:5      | Reached **** piety under Trog
  6029 | D:5      | Reached skill level 6 in Fighting
  6286 | D:5      | Found a white marble altar of Elyvilon.
  6982 | D:5      | Reached skill level 5 in Dodging
  6982 | D:5      | Reached XP level 8. HP: 65/84 MP: 8/8
  7032 | D:5      | Found a basalt altar of Yredelemnul.
  7034 | D:5      | Noticed a profane servitor
  7039 | D:5      | Found a glowing golden altar of the Shining One.
  7041 | D:5      | Noticed an angel
  7748 | D:6      | Reached skill level 7 in Fighting
  8201 | D:6      | Reached ***** piety under Trog
  8338 | D:6      | Reached XP level 9. HP: 93/93 MP: 9/9
  8753 | D:7      | Found a staircase to the Ecumenical Temple.
  8754 | D:7      | Found Ytynu's Antique Weapon Emporium.
  8771 | D:7      | Bought a glowing short sword for 243 gold pieces
  8838 | D:7      | HP: 7/141 [poisoned by a killer bee]
  9094 | D:7      | Found Wieth's Quality Used Wands.
  9168 | D:7      | Noticed Menkaure
  9176 | D:7      | Reached skill level 8 in Fighting
  9178 | D:7      | Killed Menkaure
  9342 | D:7      | Gained mutation: You have a beak for a mouth. [potion of mutation]
  9342 | D:7      | Gained mutation: You have large cloven feet. [potion of mutation]
  9342 | D:7      | Gained mutation: You occasionally shout uncontrollably at your foes. [potion of mutation]
  9498 | D:7      | Found a runed door.
  9503 | D:7      | Noticed Crazy Yiuf
  9509 | D:7      | Killed Crazy Yiuf
  9824 | Temple   | Entered the Ecumenical Temple
 10194 | D:8      | Found a staircase to the Lair.
 10194 | D:8      | Noticed an elephant
 10222 | D:8      | Killed an elephant
 10230 | D:8      | Reached skill level 5 in Short Blades
 10313 | Lair:1   | Entered Level 1 of the Lair of Beasts
 10367 | Lair:1   | Noticed a seven-headed hydra
 10376 | Lair:1   | Killed a nine-headed hydra
 10376 | Lair:1   | Reached skill level 9 in Fighting
 10376 | Lair:1   | Reached XP level 10. HP: 45/107 MP: 10/10
 10499 | Lair:1   | Found a labyrinth entrance.
 10693 | Lair:1   | Noticed a black mamba
 10705 | Lair:1   | Killed a black mamba
 10831 | Lair:1   | Noticed a spiny frog
 10856 | Lair:1   | Killed a spiny frog
 11056 | Lair:2   | Found a staircase to the Swamp.
 11062 | Lair:2   | Noticed a spiny frog
 11085 | Lair:2   | Killed a spiny frog
 11104 | Swamp:1  | Entered Level 1 of the Swamp
 11184 | Swamp:1  | Slain by a swamp worm

Skill      XL: |  1  2  3  4  5  6  7  8  9 10 |
---------------+-------------------------------+-----
Dodging        | 3 4 5 6 7 8 |  8.8
Maces & Flails | 5 6 |  6.7
Fighting       | 5 6 7 9 |  9.9
Stealth        | 1 2 3 |  3.1
Short Blades   | 2 4 5 6 |  6.1

Action                   |  1- 3 |  4- 6 |  7- 9 | 10-12 || total
-------------------------+-------+-------+-------+-------++-------
Melee: Mace              |   108 |   148 |       |       ||   256
       Dagger            |       |   100 |   597 |   136 ||   833
       Kick              |       |       |    57 |    50 ||   107
       Peck              |       |       |    41 |    38 ||    79
Throw: Stone             |       |     2 |     3 |       ||     5
Invok: Berserk           |       |     2 |     4 |     1 ||     7
       Trog's Hand       |       |     1 |     1 |       ||     2
       Brothers in Arms  |       |       |     5 |       ||     5
  Use: Scroll            |     3 |    16 |     6 |       ||    25
       Potion            |       |       |    11 |     2 ||    13
 Stab: Sleeping          |       |     3 |     1 |       ||     4
  Eat: Bread ration      |     1 |     1 |     1 |     1 ||     4
       Beef jerky        |       |     3 |       |       ||     3
       Meat ration       |       |     1 |     3 |       ||     4
       Pizza             |       |       |     1 |       ||     1
Armor: Animal skin       |    80 |    40 |       |       ||   120
       Robe              |       |    29 |   188 |    31 ||   248
Dodge: Dodged            |   104 |   132 |   360 |    75 ||   671
